 Dungeon Crawl Stone Soup version 0.29-a0-284-gf9362112df (webtiles) character file.

Game seed: 7412021868047751248

6 soylentgreeen202 the Skirmisher (level 1, -2/23 HPs)
             Began as an Ogre Gladiator on Mar 25, 2022.
             Slain by a hobgoblin (3 damage)
             ... on level 1 of the Dungeon.
             The game lasted 00:04:12 (457 turns).

soylentgreeen202 the Skirmisher (Ogre Gladiator)     Turns: 457, Time: 00:04:12

Health: -2/23      AC:  3    Str: 17    XL:     1   Next: 90%
Magic:  1/1        EV: 10    Int:  9    God:
Gold:   0          SH:  0    Dex: 10    Spells: 0/0 levels left

rFire   . . .      SeeInvis .   a - +0 flail
rCold   . . .      Faith    .   (no shield)
rNeg    . . .      Spirit   .   b - +0 robe
rPois   .          Reflect  .   c - +0 hat
rElec   .          Harm     .   (no cloak)
rCorr   .          Rampage  .   (gloves unavailable)
Will    .....                   (boots unavailable)
Stlth   +.........              (no amulet)
HPRegen 0.07/turn               (no ring)
MPRegen 0.07/turn               (no ring)

@: no status effects
A: large, unfitting armour, tough skin 1
a: no special abilities


You were on level 1 of the Dungeon.
You visited 1 branch of the dungeon, and saw 1 of its levels.

Inventory:

Hand Weapons
 a - a +0 flail (weapon)
 f - a +0 morningstar
Missiles
 d - 3 throwing nets (quivered)
 h - 23 stones
Armour
 b - a +0 robe (worn)
 c - a +0 hat (worn)
Scrolls
 g - a scroll of immolation {unknown}


   Skills:
 - Level 3.0 Fighting
 + Level 3.0 Maces & Flails
 - Level 2.0 Throwing
 * Level 2.6 Dodging


You couldn't memorise any spells.
You didn't know any spells.
Your spell library was empty.

Dungeon Overview and Level Annotations

Branches:
Dungeon (1/15)

Altars:


Innate Abilities, Weirdness & Mutations

You are too large for most types of armour.
You have tough skin. (AC +1)


Message History

The kobold barely misses you.
You barely miss the kobold.
The kobold is moderately wounded.
The hobgoblin barely misses you. The kobold hits you with a +0 dagger.
You barely miss the kobold. The kobold closely misses you.
The hobgoblin hits you.
You hit the kobold but do no damage. You punch the kobold.
The kobold is moderately wounded.
The kobold misses you. The hobgoblin hits you.
The hobgoblin hits you but does no damage.
The kobold barely misses you.
You closely miss the kobold.
The kobold is moderately wounded.
The hobgoblin hits you but does no damage.
The kobold barely misses you.
You hit the kobold but do no damage.
The kobold is moderately wounded.
The hobgoblin hits you. The kobold completely misses you.
You hit the kobold.
The kobold is severely wounded.
The hobgoblin barely misses you. The kobold hits you with a +0 dagger.
* * * LOW HITPOINT WARNING * * *
You closely miss the kobold.
The kobold is severely wounded.
The hobgoblin hits you.
* * * LOW HITPOINT WARNING * * *
The kobold barely misses you.
Throw: large rock
Press: ? - help, Q - select action, (/) - cycle Shift-Dir - straight line, f - hobgoblin
Aim: a hobgoblin (57% to hit)
You throw a large rock.
The large rock barely misses the hobgoblin.
The kobold hits you but does no damage. The hobgoblin completely misses you.
The kobold hits you with a +0 dagger.
* * * LOW HITPOINT WARNING * * *
The hobgoblin barely misses you.
You sock the kobold!
You kill the kobold!
The hobgoblin hits you.
You die...

#........##.##...........####..#
#...........####.....###..##....
#.†......#### #.....# ##.#...##
#........# ####### #...###.
#........#### ##..##...
#...........# ##### #...##...
#...........# #...# #..######
#.#####.....# #...# #..#g#...
##)#######...###@..# #..###..8
.........'...'.g)..# #..#≈....
##.#######...###...# #..#§§§..
...# .........#...# #..#≈≈...
#### ##.....#.#...# #..#≈§≈≈.
.......#.#...# #..#§§≈≈≈
###.....# #.### #..#§§§§≈
.......# #.# ##..###### ########
.# #.........


You could see a hobgoblin.

Vanquished Creatures
  A goblin (D:1)
  A hobgoblin (D:1)
  A kobold (D:1)
  A quokka (D:1)
  A ball python (D:1)
  A bat (D:1)
  A rat (D:1)
7 creatures vanquished.

Notes
Turn   | Place    | Note
-------+----------+-------------------------------------------
     0 | D:1      | soylentgreeen202 the Ogre Gladiator began the quest for the
                  | Orb.
     0 | D:1      | Reached XP level 1. HP: 22/22 MP: 1/1
   456 | D:1      | HP: 1/23 [kobold/+0 dagger (2)]
   457 | D:1      | Slain by a hobgoblin

Illustrated notes

Levels and vault maps discovered:
D:1:      lordsloth_arrival_two_stooges, layout_basic

Skill      XL: |  1 |
---------------+----+-----
Fighting       | 3 |  3.0
Maces & Flails | 3 |  3.0
Throwing       | |  2.0
Dodging        | |  2.6

Action                   || total
-------------------------++-------
Melee: Flail             ||    32
       Punch             ||     1
Throw: Large rock        ||     1
Armor: Robe              ||    12
Dodge: Dodged            ||    28

Table legend: (Time is in decaauts)
 A = Elapsed time spent in this place.
 B = Non-inter-level travel time spent in this place.
 C = Inter-level travel time spent in this place.
 D = Time resting spent in this place.
 E = Time spent auto-exploring this place.
 F = Levels seen in this place.
 G = Mean time per level.
                   A        B        C        D        E       F      G
               +--------+--------+--------+--------+--------+-----+--------+
         Total |    465 |    465 |      0 |    173 |      0 |   1 |  465.0 |
       Dungeon |    465 |    465 |      0 |    173 |      0 |   1 |  465.0 |
               +--------+--------+--------+--------+--------+-----+--------+

Top non-repeatable levels by time:
     D:1: 465 daAuts
